 Dungeon Crawl Stone Soup version 0.20.1-1-g8b1a95d (webtiles) character file.

36 renl the Digger (level 3, -8/26 HPs)
             Began as a Draconian Earth Elementalist on July 16, 2017.
             Mangled by Sigmund
             ... wielding a +0 scythe
              (11 damage)
             ... on level 2 of the Dungeon.
             The game lasted 00:04:46 (631 turns).

renl the Digger (Draconian Earth Elementalist)       Turns: 631, Time: 00:04:46

Health: -8/26      AC:  5    Str: 10    XL:     3   Next: 19%
Magic:  2/6        EV: 12    Int: 16    God:
Gold:   51         SH:  0    Dex: 11    Spells: 3/6 levels left

rFire    . . .     SeeInvis .   h - +0 dagger
rCold    . . .     Gourm    .   (no shield)
rNeg     . . .     Faith    .   (armour unavailable)
rPois    .         Spirit   .   (helmet restricted)
rElec    .         Reflect  .   (no cloak)
rCorr    .         Harm     .   (no gloves)
MR       .....                  (no boots)
Stlth    +.........             (no amulet)
Regen    0.1/turn               (no ring)
MPRegen  0.1/turn               (no ring)

@: confused
A: unfitting armour, cold-blooded, AC +5
a: no special abilities


You were on level 2 of the Dungeon.
You were not hungry.

You visited 1 branch of the dungeon, and saw 2 of its levels.

You collected 51 gold pieces.

Inventory:

Hand Weapons
 h - a +0 dagger (weapon)
Missiles
 b - 11 stones (quivered)
Scrolls
 e - 3 scrolls of blinking {unknown}
 g - 2 scrolls of recharging {unknown}
 i - a scroll of remove curse {unknown}
 j - a scroll of identify {unknown}
 l - a scroll of amnesia {unknown}
 n - a scroll of fog {unknown}
 o - a scroll of magic mapping {unknown}
Potions
 k - a potion of degeneration {unknown}
 m - a potion of brilliance {unknown}
Books
 d - a book of Geomancy

   Spells                             Type                      Level
   a - Sandblast                      Earth                        1
   b - Passwall                       Transmutation/Earth          2
   c - Stone Arrow                    Conjuration/Earth            3
   d - Petrify                        Transmutation/Earth          4
   e - Lee's Rapid Deconstruction     Earth                        5
Comestibles
 a - 2 royal jellies
 c - 3 bread rations
 f - a chunk of flesh


   Skills:
 - Level 1.7 Dodging
 - Level 1.7 Stealth
 + Level 2.3 Spellcasting
 + Level 1.0 Transmutations
 + Level 4.0 Earth Magic


You had 3 spell levels left.
You knew the following spells:

 Your Spells              Type           Power        Failure   Level  Hunger
a - Sandblast             Erth           ##....       3%          1    #......
b - Passwall              Tmut/Erth      ##........   11%         2    ###....


Dungeon Overview and Level Annotations

Branches:
Dungeon (2/15)

Altars:

Annotations:
D:2 Sigmund


Innate Abilities, Weirdness & Mutations

Your plain brown scales are hard. (AC +5)
You cannot fit into any form of body armour.
You are cold-blooded and may be slowed by cold attacks.


Message History

b - 11 stones You hear a zap.
A puff of flame appears from out of thin air!
The puff of flame hits you!
The rat twitches its whiskers.
Something tries to affect you, but you resist.
There is a stone staircase leading up here.
You are confused.
In your confused state, you trip and fall back down the stairs.
Unknown command.
A magic dart appears from out of thin air!
The magic dart hits you!
* * * LOW HITPOINT WARNING * * *
In your confused state, you trip and fall back down the stairs.
* * * LOW HITPOINT WARNING * * *
The rat bites you.
* * * LOW HITPOINT WARNING * * *
A bat comes into view.
You bump into the rock wall.
Something hits you!
You die...

#..........# .....
≈.≈≈≈≈≈.##........... ..... ≈
♣_.≈≈≈..##.........## .....
≈≈♣≈.≈≈≈..##.....b..>.# .....
≈≈≈≈≈≈≈≈≈.##..........# .....
≈≈≈≈≈≈≈≈..##..........# ##.†..#
≈≈≈≈≈≈≈≈≈.##..........###.r...#
.≈≈...≈≈≈.##...g......##.?....#
.≈≈≈..≈≈......@r......##.#.....
#####..)...##########....#....#
######## ##..##....# #..# .)..#
#### #####


You could see a hobgoblin, a bat and a rat.

Vanquished Creatures
  An adder (D:2)
  A worm (D:2)
  A giant cockroach (D:1)
  4 goblins
  5 hobgoblins (D:1)
  5 kobolds (D:1)
  A bat (D:1)
  3 frilled lizards (D:1)
  2 rats (D:1)
23 creatures vanquished.

Notes
Turn   | Place    | Note
-------+----------+-------------------------------------------
     0 | D:1      | renl the Draconian Earth Elementalist began the quest for the Orb.
     0 | D:1      | Reached XP level 1. HP: 14/14 MP: 3/3
   158 | D:1      | Reached XP level 2. HP: 6/20 MP: 0/5
   172 | D:1      | Learned a level 2 spell: Passwall
   521 | D:2      | Reached skill level 4 in Earth Magic
   521 | D:2      | Reached XP level 3. HP: 25/26 MP: 2/6
   583 | D:2      | Found a faded altar of an unknown god.
   611 | D:2      | Noticed Sigmund
   631 | D:2      | Mangled by Sigmund

Skill      XL: |  1  2 |
---------------+-------+-----
Earth Magic    | 4 |  4.0
Dodging        | |  1.7
Stealth        | |  1.7
Spellcasting   | |  2.3
Transmutations | |  1.0

Action                   || total
-------------------------++-------
Melee: Unarmed           ||    13
       Tailslap          ||     7
       Dagger            ||    31
Throw: Stone             ||     1
 Cast: Sandblast         ||    21
Armor: Skin              ||     6
Dodge: Dodged            ||    28
